 Dungeon Crawl Stone Soup version 0.31-a0-237-g2d982f9f85 (webtiles) character file.

Game seed: 15259948463178310645

62 promet the Magician (level 3, -2/20 HPs)
             Began as a Deep Elf Hedge Wizard on July 11, 2023.
             Slain by Jessica
             ... wielding a +4 dagger of venom
              (8 damage)
             ... on level 2 of the Dungeon.
             The game lasted 00:17:08 (2164 turns).

promet the Magician (Deep Elf Hedge Wizard)         Turns: 2164, Time: 00:17:10

Health: -2/20      AC:  3    Str:  9    XL:     3   Next: 85%
Magic:  9/11       EV: 12    Int: 18    God:
Gold:   116        SH:  0    Dex: 14    Spells: 4/12 levels left

rFire   . . .        g - +0 spear
rCold   . . .        (no shield)
rNeg    . . .        f - +1 robe
rPois   .            c - +0 hat
rElec   .            (no cloak)
rCorr   .            (no gloves)
SInv    .            (no boots)
Will    .....        i - amulet of magic regeneration
Stlth   ++           (no ring)
HPRegen 0.23/turn    (no ring)
MPRegen 0.52/turn

%: no passive effects
@: very slightly contaminated
A: no striking features
a: no special abilities


You were on level 2 of the Dungeon.
You visited 1 branch of the dungeon, and saw 2 of its levels.

You collected 116 gold pieces.

Inventory:

Hand Weapons
 a - a +0 dagger
 b - a +0 sling
 g - a +0 spear (weapon)
 l - a +0 spear
Missiles
 e - a throwing net
 k - 5 stones
Armour
 c - a +0 hat (worn)
 f - a +1 robe (worn)
Jewellery
 i - an amulet of magic regeneration (around neck)
Scrolls
 j - a scroll of enchant armour
Potions
 d - 2 potions of magic
 m - a potion of brilliance


   Skills:
 + Level 0.7 Fighting
 + Level 0.5 Short Blades
 + Level 1.5 Ranged Weapons
 + Level 2.6 Dodging
 + Level 3.2 Stealth
 + Level 5.3 Spellcasting
 + Level 1.1 Conjurations
 + Level 1.3 Summonings
 + Level 1.1 Translocations


You had 4 spell levels left.
You knew the following spells:

 Your Spells              Type           Power      Damage    Failure   Level
a - Magic Dart            Conj           36%        1d4       8%          1
b - Slow                  Hex            16%        N/A       13%         1
c - Blink                 Tloc           16%        N/A       12%         2
d - Call Imp              Summ           18%        N/A       11%         2
e - Cigotuvi's Dreadful   Necr/Pois/Air  8%         N/A       19%         2

Your spell library contained the following spells:

 Spells                   Type           Power      Damage    Failure   Level
 Mephitic Cloud           Conj/Pois/Air  6%         N/A       32%         3


Dungeon Overview and Level Annotations

Branches:
Dungeon (2/15)

Altars:

Annotations:
D:2 Jessica


Message History

You hit the quokka but do no damage.
The quokka is moderately wounded.
The quokka bites you but does no damage.
You feel stable enough to blink again.
Casting: Blink (safe; 12% risk of failure)
Confirm with . or Enter, or press ? or * to list all spells.
You blink.
Your cerulean imp hits the quokka from afar with a -4 spear.
Jessica mumbles some strange words.
Jessica blinks!
You barely miss the quokka.
The quokka is severely wounded.
The quokka barely misses you.
Jessica closely misses your cerulean imp.
Your cerulean imp completely misses the quokka.
You hit the quokka.
You kill the quokka!
Jessica shouts, "You are a ghastly nuisance!"
Jessica misses your cerulean imp.
Your cerulean imp barely misses Jessica.
You feel stable enough to blink again.
Jessica hits your cerulean imp with a +4 dagger of venom!
Your cerulean imp is poisoned.
Jessica casts a spell.
Jessica blinks!
g - a +0 spear (weapon)
Your cerulean imp dies!
Your cerulean imp disappears in a puff of smoke!
Jessica gestures wildly while chanting.
Jessica blinks!
Jessica shouts, "I don't like beings like you!"
Jessica hits you with a +4 dagger of venom.
* * * LOW HITPOINT WARNING * * *
Casting: Blink (safe; 12% risk of failure)
Confirm with . or Enter, or press ? or * to list all spells.
You miscast Call Imp.
You are very lightly contaminated with residual magic.
Nothing appears to happen.
Jessica hits you with a +4 dagger of venom!
You die...

#.###############
#######...............#
##.....###############.#
#..5....## #.#
..#####..## #.#
5##?..##5.############.#
.#.....#.............#.#
.'...@.#...#########.#.#
.#...(.#.....†§@@# #.#.#
.##@..##..######.# #.#.#
..#####)..######.# #.#.#
#.......#........# #.#.#
##.....##.#####..# #.#.#
##.......#####..# #.#.#
########÷......# #.#.#
#.####.## #.#.# #.#
#.####.#.#


You could see Jessica (fast).

Vanquished Creatures
  3 dart slugs (D:1)
  4 endoplasms
  2 goblins (D:1)
  A hobgoblin (D:1)
  3 quokkas
  5 ball pythons
  3 bats (D:1)
  A frilled lizard (D:1)
  2 kobolds (D:1)
  3 rats (D:1)
27 creatures vanquished.

Vanquished Creatures (collateral kills)
  An adder (D:2)
  A worm (D:2)
  A dart slug (D:1)
  A ball python (D:1)
  An endoplasm (D:1)
  A giant cockroach (D:1)
  3 hobgoblins (D:1)
  A bat (D:1)
  A frilled lizard (D:1)
  2 kobolds
  A rat (D:1)
14 creatures vanquished.

Grand Total: 41 creatures vanquished

Notes
Turn   | Place    | Note
-------+----------+-------------------------------------------
     0 | D:1      | promet the Deep Elf Hedge Wizard began the quest for the
                  | Orb.
     0 | D:1      | Reached XP level 1. HP: 10/10 MP: 7/7
   200 | D:1      | Reached XP level 2. HP: 15/15 MP: 9/9
   320 | D:1      | Reached skill level 5 in Spellcasting
   323 | D:1      | Learned a level 1 spell: Slow
   326 | D:1      | Learned a level 2 spell: Blink
   329 | D:1      | Learned a level 2 spell: Call Imp
   332 | D:1      | Learned a level 2 spell: Cigotuvi's Dreadful Rot
   536 | D:1      | Reached skill level 1 in Ranged Weapons
   552 | D:1      | Upgraded the game from 0.31-a0-236-g9a0961fb85 to
                  | 0.31-a0-237-g2d982f9f85
   810 | D:1      | Reached XP level 3. HP: 20/20 MP: 11/11
  1020 | D:1      | Found a faded altar of an unknown god.
  2130 | D:2      | Noticed Jessica
  2164 | D:2      | Slain by Jessica

Illustrated notes

Levels and vault maps discovered:
D:1:      grunt_arrival_crossed_arrows, layout_basic,
          hellmonk_ecumenical_altar_defaced_shrine
D:2:      layout_basic, grunt_decor_junction, kennysheep_jessica_study

Skill      XL: |  1  2  3 |
---------------+----------+-----
Spellcasting   | 5 |  5.3
Ranged Weapons | 1 |  1.5
Stealth        | 3 |  3.2
Fighting       | |  0.7
Short Blades   | |  0.5
Dodging        | |  2.6
Conjurations   | |  1.1
Summonings     | |  1.3
Translocations | |  1.1

Action                     || total
---------------------------++-------
  Melee: Dagger            ||    26
   Fire: Sling             ||    22
   Cast: Magic Dart        ||    68
         Call Imp          ||    13
         Slow              ||     3
         Blink             ||     5
    Use: Potion            ||     1
         Scroll            ||     4
   Stab: Sleeping          ||     2
 Armour: Robe              ||     9
  Dodge: Dodged            ||    42

Table legend: (Time is in decaauts)
 A = Elapsed time spent in this place.
 B = Non-inter-level travel time spent in this place.
 C = Inter-level travel time spent in this place.
 D = Time resting spent in this place.
 E = Time spent auto-exploring this place.
 F = Levels seen in this place.
 G = Mean time per level.
                   A        B        C        D        E       F      G
               +--------+--------+--------+--------+--------+-----+--------+
         Total |   2171 |   2105 |     66 |    663 |    237 |   2 | 1085.5 |
       Dungeon |   2171 |   2105 |     66 |    663 |    237 |   2 | 1085.5 |
               +--------+--------+--------+--------+--------+-----+--------+

Top non-repeatable levels by time:
     D:1: 1516 daAuts
     D:2: 655 daAuts
